AoeStats
← AllBirds

Lombardia

509761443Analyzed
3v3 RM · 4d ago on Sep 27, 2026· 82m 34s· 6 players
Game mode
Random Map
Map size
Normal (6 player)
Population
200
Speed
Normal
Resources
Standard
Victory
Conquest
Starting age
Dark Age
Ending age
Imperial Age
RankedLock teamsTeams togetherTeam positionsShared explorationLock speedFull tech treeHidden civsTurbo modeCheats
Victory
Defeat
🇺🇸 Celts · United States
995
+15
🇨🇦 Ethiopians · Canada
962
+17
🇲🇽 Persians · Mexico
961
+17
🇦🇷 Inca · Argentina
1014
-18
🇦🇷 Saracens · Argentina
963
-16
🇦🇷 Byzantines · Argentina
947
-15
panadero democratico
0:32 Loom
12:40 Feudal Age
13:59 Horse Collar
16:50 Castle Age
15:38 Double-Bit Axe
16:31 Wheelbarrow
15:41 Town Watch
18:01 Heavy Plow
18:12 Bow Saw
20:41 Scale Barding Armor
22:08 Bloodlines
25:54 Husbandry
28:53 Forging
32:20 Gold Mining
35:54 Imperial Age
33:41 Hand Cart
33:29 Scale Mail Armor
33:51 Stone Mining
37:03 Conscription
36:05 Cavalier
37:46 Crop Rotation
39:18 Savar
40:29 Chain Barding Armor
40:45 Iron Casting
40:11 Padded Archer Armor
42:16 Plate Barding Armor
46:17 Chemistry
45:38 Ballistics
65:29 Caravan
66:42 Light Cavalry
67:59 Masonry
67:44 Murder Holes
68:25 Hussar
72:30 Blast Furnace
71:30 Scale Mail Armor
77:04 Capped Ram
AllBirds
7:57 Loom
12:05 Feudal Age
13:29 Double-Bit Axe
15:26 Padded Archer Armor
15:12 Horse Collar
16:45 Gold Mining
17:51 Fletching
19:20 Wheelbarrow
24:12 Castle Age
24:33 Crossbowman
25:12 Bodkin Arrow
25:55 Thumb Ring
26:09 Leather Archer Armor
26:31 Hand Cart
27:10 Town Watch
30:50 Bow Saw
30:47 Heavy Plow
34:48 Ballistics
37:07 Imperial Age
40:30 Town Patrol
42:02 Two-Man Saw
40:42 Elite Skirmisher
40:42 Arbalester
42:29 Chemistry
41:35 Siege Engineers
42:19 Conscription
42:20 Bracer
42:31 Forging
43:29 Ring Archer Armor
43:54 Onager
45:38 Masonry
48:22 Torsion Engines
49:27 Iron Casting
51:23 Scale Mail Armor
53:37 Blast Furnace
52:53 Chain Mail Armor
52:43 Elite Shotel Warrior
53:58 Caravan
58:17 Plate Mail Armor
70:28 Royal Heirs
73:11 Stone Mining
ancientlasers
3:35 Loom
13:25 Feudal Age
13:29 Man-at-Arms
21:12 Castle Age
19:10 Double-Bit Axe
36:49 Horse Collar
37:54 Forging
37:45 Scale Mail Armor
37:08 Pikeman
37:35 Gambesons
37:36 Arson
39:11 Wheelbarrow
41:18 Hand Cart
41:48 Long Swordsman
45:04 Imperial Age
44:08 Iron Casting
43:49 Chain Mail Armor
44:38 Heavy Plow
44:54 Bow Saw
46:46 Blast Furnace
46:17 Plate Mail Armor
45:10 Two-Handed Swordsman
46:01 Champion
48:09 Conscription
47:49 Capped Ram
49:16 Siege Ram
57:01 Light Cavalry
57:42 Husbandry
58:34 Fletching
58:50 Murder Holes
59:57 Chemistry
59:18 Ballistics
59:09 Masonry
65:50 Caravan
67:18 Crossbowman
70:58 Hussar
71:57 Padded Archer Armor
71:53 Bodkin Arrow
76:42 Heavy Scorpion
NeXt
9:59 Feudal Age
8:15 Loom
10:47 Double-Bit Axe
10:45 Horse Collar
20:59 Castle Age
19:20 Fletching
20:35 Padded Archer Armor
20:32 Stone Mining
20:33 Gold Mining
23:14 Heavy Plow
23:27 Bow Saw
23:50 Crossbowman
28:01 Elite Skirmisher
29:59 Wheelbarrow
29:10 Town Watch
32:54 Fervor
32:51 Devotion
34:20 Forging
35:23 Hand Cart
36:43 Thumb Ring
41:38 Caravan
44:38 Imperial Age
42:59 Scale Mail Armor
43:24 Pikeman
44:05 Squires
45:02 Bloodlines
44:52 Husbandry
44:15 Light Cavalry
47:20 Iron Casting
46:51 Scale Barding Armor
46:42 Bodkin Arrow
47:03 Leather Archer Armor
49:07 Conscription
49:57 Heavy Camel Rider
50:53 Arbalester
53:04 Elite Mameluke
56:09 Two-Man Saw
55:45 Man-at-Arms
56:10 Gambesons
56:49 Long Swordsman
58:54 Hussar
59:48 Town Patrol
60:21 Ring Archer Armor
60:15 Chain Barding Armor
60:56 Blast Furnace
60:46 Two-Handed Swordsman
61:29 Champion
69:58 Chain Mail Armor
69:45 Bracer
70:20 Plate Barding Armor
70:59 Ballistics
71:39 Chemistry
72:02 Arson
73:22 Hussar
75:37 Plate Mail Armor
muygamers
7:19 Loom
10:32 Feudal Age
12:06 Champi Runner
12:58 Double-Bit Axe
13:23 Horse Collar
17:48 Forging
19:50 Castle Age
18:00 Arson
18:19 Scale Mail Armor
21:03 Bow Saw
21:27 Champi Warrior
23:11 Iron Casting
22:39 Heavy Plow
22:53 Gold Mining
25:46 Squires
26:06 Chain Mail Armor
27:14 Gold Shaft Mining
26:53 Padded Archer Armor
28:35 Fletching
29:01 Leather Archer Armor
29:43 Elite Skirmisher
31:24 Bodkin Arrow
31:37 Thumb Ring
33:10 Ballistics
36:05 Imperial Age
35:27 Town Watch
36:20 Wheelbarrow
37:31 Crop Rotation
37:29 Fortified Wall
41:21 Conscription
41:31 Bracer
42:02 Ring Archer Armor
42:32 Blast Furnace
42:03 Plate Mail Armor
42:36 Chemistry
41:54 Hand Cart
42:26 Town Patrol
43:27 Stone Mining
46:07 Elite Kamayuk
49:27 Caravan
49:58 Elite Champi Warrior
Bondiolamaster
10:50 Feudal Age
11:20 Loom
15:47 Castle Age
16:33 Double-Bit Axe
18:49 Horse Collar
31:28 Heavy Plow
33:46 Forging
34:43 Fletching
34:53 Padded Archer Armor
35:18 Bow Saw
39:19 Imperial Age
43:18 Two-Man Saw
44:06 Iron Casting
46:14 Fortified Wall
46:00 Murder Holes
47:22 Bodkin Arrow
47:28 Padded Archer Armor
49:26 Chemistry
48:47 Ballistics
53:40 Scale Barding Armor
53:36 Bracer
53:52 Leather Archer Armor
57:09 Husbandry
59:15 Gold Mining
59:16 Stone Mining
65:11 Heavy Camel Rider
66:56 Gold Shaft Mining
77:40 Light Cavalry
Connection lost

Rejoining the realm…

Still unreachable

The connection could not be restored.

Session expired

The server has moved on; the page needs a fresh start.